 Dungeon Crawl Stone Soup version 0.21.1-1-g345015fe64 (webtiles) character file.

4146 DildoBatman the Jinx (level 10, -6/76 (77) HPs)
             Began as a Formicid Enchanter on Apr 16, 2018.
             Was a Priest of Sif Muna.
             Mangled by a freezing wraith (10 damage)
             ... on level 9 of the Dungeon.
             The game lasted 00:33:58 (9941 turns).

DildoBatman the Jinx (Formicid Enchanter)           Turns: 9941, Time: 00:33:59

HP:   -6/76 (77)    AC:  8    Str: 16    XL:     10   Next: 52%
MP:   17/17         EV: 12    Int: 15    God:    Sif Muna [***...]
Gold: 546           SH:  0    Dex: 11    Spells: 15/19 levels left

rFire    + . .     SeeInvis +   b - +0 whip (elec)
rCold    . . .     Gourm    .   (no shield)
rNeg     . . .     Faith    .   C - +1 ring mail {rF+}
rPois    .         Spirit   .   (helmet unavailable)
rElec    .         Reflect  .   (no cloak)
rCorr    .         Harm     .   (no gloves)
MR       +....                  G - +0 pair of boots
Stlth    ++........             (no amulet)
HPRegen  0.22/turn              (no ring)
MPRegen  0.15/turn              (no ring)

@: no status effects
A: permanent stasis, dig shafts and tunnels, four strong arms, antennae 3
a: Dig, Shaft Self, Divine Energy, Channel Magic, Renounce Religion


You were on level 9 of the Dungeon.
You worshipped Sif Muna.
Sif Muna was most pleased with you.
You were not hungry.

You visited 2 branches of the dungeon, and saw 10 of its levels.
You also visited: Sewer.

You collected 546 gold pieces.

Inventory:

Hand Weapons
 a - a +4 dagger
 b - a +0 whip of electrocution (weapon)
 c - a +1 dagger of draining
 d - a +2 flail of holy wrath
 e - a +2 battleaxe of electrocution
 K - a +0 dagger of venom
Missiles
 f - 169 stones (quivered)
 p - 78 poisoned needles
 q - 135 arrows
 E - 38 sling bullets
 F - 2 curare-tipped needles
 P - 4 javelins
 Q - 107 bolts
Armour
 t - a +0 large shield
 C - a +1 ring mail of fire resistance (worn)
 G - a +0 pair of boots (worn)
 U - a +1 scale mail of cold resistance
Wands
 h - a wand of digging (14)
 k - a wand of flame (34)
 N - a wand of acid (7)
 S - a wand of paralysis (9)
Scrolls
 i - 2 scrolls of fog {unknown}
 l - 3 scrolls of enchant armour {unknown}
 n - 2 scrolls of enchant weapon {unknown}
 w - 2 scrolls of blinking {unknown}
 x - a scroll of remove curse
 y - a scroll of vulnerability {unknown}
 z - 3 scrolls of identify
 A - 3 scrolls of immolation {unknown}
 B - a scroll of fear {unknown}
 J - a scroll of random uselessness {unknown}
 R - a scroll of magic mapping {unknown}
Potions
 g - 3 potions of brilliance {unknown}
 m - 2 potions of heal wounds
 o - 5 potions of degeneration {unknown}
 r - 3 potions of might {unknown}
 s - a potion of berserk rage {unknown}
 u - 2 potions of curing {unknown}
 D - 2 potions of haste
 H - a potion of invisibility {unknown}
 I - 2 potions of cancellation {unknown}
 M - a potion of lignification {unknown}
 T - 2 potions of mutation {unknown}
Books
 j - a book of Minor Magic

   Spells                             Type                      Level
   a - Magic Dart                     Conjuration                  1
   b - Blink                          Translocation                2
   c - Call Imp                       Summoning                    2
   d - Slow                           Hexes                        2
   e - Conjure Flame                  Conjuration/Fire             3
   f - Mephitic Cloud                 Conjuration/Poison/Air       3
 O - a book of Maledictions

   Spells                             Type                      Level
   a - Corona                         Hexes                        1
   b - Ensorcelled Hibernation        Hexes/Ice                    2
   c - Confuse                        Hexes                        3
   d - Tukima's Dance                 Hexes                        3
   e - Dazzling Spray                 Conjuration/Hexes            3
Comestibles
 v - 21 rations
 L - 2 chunks of flesh


   Skills:
 * Level 6.8 Fighting
 - Level 1.0 Short Blades
 * Level 5.3 Armour
 * Level 3.4 Dodging
 * Level 5.4 Stealth
 * Level 5.2 Spellcasting
 * Level 12.3 Hexes


You had 15 spell levels left.
You knew the following spells:

 Your Spells              Type           Power        Failure   Level  Hunger
a - Corona                Hex            #####..      1%          1    None
b - Confuse               Hex            #####...     1%          3    ###....


Dungeon Overview and Level Annotations

Branches:
Dungeon (9/15)             Temple (1/1) D:5
   Lair: D:8-11         Orc: D:9-12

Altars:
Ashenzari
Cheibriados
Dithmenos
Elyvilon
Fedhas
Gozag
Hepliaklqana
Kikubaaqudgha
Makhleb
Nemelex Xobeh
Okawaru
Qazlal
Ru
Sif Muna
Trog
Uskayaw
Vehumet
Wu Jian
Xom
Yredelemnul
Zin
The Shining One


Innate Abilities, Weirdness & Mutations

You cannot be hasted, slowed, berserked, paralysed or teleported.
You can dig through walls and to a lower floor.
Your four strong arms can wield two-handed weapons with a shield.
You have a pair of large antennae on your head. (SInv)


Message History

Casting: Corona
Confirm with . or Enter, or press ? or * to list all spells.
You can't see any susceptible monsters within range! (Use Z to cast anyway.) Unknown command.
There is an open door here.
Magic restored.
There is a stone staircase leading down here.
You climb downwards.
A freezing wraith comes into view.
The freezing wraith closely misses you. The freezing wraith hits you.
The freezing wraith drains your vigour!
Your stasis prevents you from being slowed.
The bullfrog gives a loud, deep croak!
The bullfrog hits you.
There is a stone staircase leading up here.
The freezing wraith hits you. The freezing wraith freezes you!!
The freezing wraith hits you!
You die...

.# ###.#
...{#{ ....#
#...#
#######...#
+...F@....##
#...W......#
#######....#
#...## #'###
... ..o..
###.F.#
.....


You could see a freezing wraith and a bullfrog.

Vanquished Creatures
  Pikel (D:7)
  A centaur skeleton (D:8)
  2 kobold demonologists
  A hydra skeleton (D:8)
  Sigmund (D:3)
  A wyvern (D:8)
  A steam dragon (D:8)
  Edmund (D:4)
  2 vampire mosquitoes (D:8)
  Duvessa (D:7)
  A sky beast (D:8)
  A slave (D:7)
  3 ice beasts
  An orc warrior (D:7)
  An ogre (D:5)
  A centaur (D:8)
  A crocodile (Sewer)
  2 big kobolds (D:8)
  2 bullfrogs
  Dowan (D:7)
  2 scorpions
  5 killer bees (D:7)
  2 crimson imps
  2 bullfrog zombies (D:8)
  4 jellies
  6 hounds
  2 orc priests (D:5)
  2 iguanas
  Jessica (D:2)
  2 bullfrog skeletons
  8 orc wizards
  6 worker ants
  An ogre zombie (D:8)
  A big kobold skeleton (D:8)
  2 hound zombies
  A worker ant zombie (D:5)
  13 adders
  A shadow imp (D:5)
  An ooze (D:3)
  An orc zombie (D:8)
  2 adder skeletons (D:8)
  2 adder zombies (D:8)
  An iguana skeleton (D:7)
  5 worms
  2 dart slugs
  4 leopard geckos
  19 orcs
  5 giant cockroaches
  7 goblins
  6 hobgoblins
  6 jackals
  2 quokkas
  A ball python (D:2)
  14 bats
  4 frilled lizards
  2 giant cockroach zombies
  A hobgoblin skeleton (D:7)
  A jackal skeleton (D:6)
  9 kobolds
  A kobold zombie (D:6)
  A leopard gecko skeleton (D:7)
  A quokka skeleton (D:5)
  A quokka zombie (D:8)
  8 rats
194 creatures vanquished.

Vanquished Creatures (others)
  A slave (D:7)
  A bullfrog (D:7)
  2 orcs (D:7)
  A rat skeleton (D:7)
5 creatures vanquished.

Grand Total: 199 creatures vanquished

Notes
Turn   | Place    | Note
-------+----------+-------------------------------------------
     0 | D:1      | DildoBatman the Formicid Enchanter began the quest for the Orb.
     0 | D:1      | Reached XP level 1. HP: 13/13 MP: 3/3
    78 | D:1      | Reached skill level 1 in Fighting
    81 | D:1      | Reached XP level 2. HP: 1/21 MP: 5/5
  1078 | D:1      | Reached XP level 3. HP: 28/28 MP: 4/6
  1120 | D:1      | Learned a level 3 spell: Confuse
  1323 | D:2      | Reached XP level 4. HP: 24/35 MP: 7/7
  1557 | D:2      | Reached skill level 1 in Armour
  1988 | D:2      | Found a shadowy altar of Dithmenos.
  2348 | D:3      | Reached XP level 5. HP: 29/41 MP: 6/8
  2797 | D:3      | Noticed Jessica
  2984 | D:3      | Noticed Sigmund
  3352 | D:3      | Reached XP level 6. HP: 41/49 MP: 9/9
  3520 | D:4      | Noticed Edmund
  4013 | D:5      | Entered Level 5 of the Dungeon
  4097 | D:5      | Noticed an ice beast
  4118 | D:5      | Reached skill level 5 in Fighting
  4210 | D:5      | Reached XP level 7. HP: 20/56 MP: 7/10
  4349 | D:5      | Found a staircase to the Ecumenical Temple.
  4355 | Temple   | Entered the Ecumenical Temple
  4362 | Temple   | Became a worshipper of Kikubaaqudgha
  4423 | D:5      | Found a glowing drain.
  4432 | Sewer    | Entered a sewer
  4790 | D:5      | Reached skill level 5 in Stealth
  4892 | Temple   | Fell from the grace of Kikubaaqudgha
  4892 | Temple   | Became a worshipper of Sif Muna the Loreminder
  4940 | D:5      | Reached skill level 4 in Hexes
  5065 | D:5      | Reached XP level 8. HP: 21/63 MP: 10/12
  5190 | D:5      | Reached skill level 5 in Hexes
  5322 | D:5      | Reached skill level 6 in Hexes
  5437 | D:5      | Reached * piety under Sif Muna
  5850 | D:6      | Reached skill level 7 in Hexes
  6158 | D:6      | Reached skill level 8 in Hexes
  6292 | D:6      | Reached XP level 9. HP: 69/69 MP: 13/13
  6491 | D:7      | Reached skill level 5 in Armour
  6554 | D:7      | Noticed Pikel
  6573 | D:7      | Killed Pikel
  6573 | D:7      | Reached ** piety under Sif Muna
  6588 | D:7      | Reached skill level 9 in Hexes
  6758 | D:7      | Noticed Duvessa
  6759 | D:7      | Noticed Dowan
  6771 | D:7      | Killed Duvessa
  6772 | D:7      | Killed Dowan
  7355 | D:7      | Reached skill level 5 in Spellcasting
  7996 | D:8      | Found a sparkling altar of Nemelex Xobeh.
  8112 | D:8      | Reached skill level 10 in Hexes
  8935 | D:8      | Reached XP level 10. HP: 74/77 MP: 13/17
  9166 | D:4      | Killed Edmund
  9166 | D:4      | Reached skill level 11 in Hexes
  9229 | D:3      | Killed Sigmund
  9229 | D:3      | Reached *** piety under Sif Muna
  9331 | D:2      | Killed Jessica
  9599 | D:9      | Noticed a deep elf mage
  9600 | D:9      | Noticed a kobold demonologist
  9626 | D:8      | Reached skill level 12 in Hexes
  9757 | D:9      | Noticed a kobold demonologist
  9785 | D:9      | Killed a kobold demonologist
  9804 | D:8      | Killed a kobold demonologist
  9940 | D:9      | Noticed a freezing wraith
  9941 | D:9      | Mangled by a freezing wraith

Skill      XL: |  1  2  3  4  5  6  7  8  9 10 |
---------------+-------------------------------+-----
Fighting       | 1 2 3 4 5 6 |  6.8
Dodging        | 2 3 |  3.4
Armour         | 2 3 4 5 |  5.3
Stealth        | 4 5 |  5.4
Hexes          | 4 8 10 12 | 12.3
Spellcasting   | 3 5 |  5.2
Short Blades   | |  1.0

Action                   |  1- 3 |  4- 6 |  7- 9 | 10-12 || total
-------------------------+-------+-------+-------+-------++-------
Melee: Dagger            |    44 |    38 |    18 |    71 ||   171
       Whip              |    25 |   232 |   371 |    52 ||   680
 Cast: Corona            |     8 |    46 |    38 |     5 ||    97
       Confuse           |       |     1 |    45 |    17 ||    63
 Abil: Dig               |       |    11 |    12 |     6 ||    29
  Use: Scroll            |       |     3 |       |     1 ||     4
       Potion            |       |       |     2 |       ||     2
 Stab: Sleeping          |     1 |     4 |     2 |     2 ||     9
       Confused          |       |       |    22 |     9 ||    31
  Eat: Chunk             |     1 |    11 |    19 |     5 ||    36
       Ration            |       |       |     1 |       ||     1
Armor: Robe              |    14 |       |       |       ||    14
       Ring mail         |     8 |   129 |   137 |    26 ||   300
Dodge: Dodged            |    25 |   216 |   197 |    73 ||   511
